 Dungeon Crawl Stone Soup version 0.29-a0-901-g46a8461d6a (webtiles) character file.

Game seed: 4180136042177670455

2814 gruber the Destroyer (level 9, -1/62 HPs)
             Began as a Grey Draconian Conjurer on July 23, 2022.
             Slain by a hornet (13 damage)
             ... on level 7 of the Dungeon.
             The game lasted 00:12:02 (9062 turns).

gruber the Destroyer (Grey Draconian Conjurer)      Turns: 9062, Time: 00:12:02

Health: -1/62      AC: 14    Str: 10    XL:     9   Next: 44%
Magic:  9/18       EV: 11    Int: 23    God:
Gold:   382        SH:  2    Dex:  9    Spells: 9/20 levels left

rFire   . . .      SeeInvis .   A - +2 short sword (venom)
rCold   + . .      Faith    .   H - +0 buckler
rNeg    . . .      Spirit   .   (body armour unavailable)
rPois   .          Reflect  .   (helmet restricted)
rElec   .          Harm     .   (no cloak)
rCorr   .          Rampage  .   D - +1 pair of gloves
Will    .....                   (no boots)
Stlth   ++........              (no amulet)
HPRegen 0.20/turn               p - ring of protection from cold
MPRegen 0.16/turn               (no ring)

@: lethally poisoned (-1 -> -8)
A: AC +12, amphibious, unfitting armour, cold-blooded
a: no special abilities


You were on level 7 of the Dungeon.
You visited 2 branches of the dungeon, and saw 8 of its levels.
You also visited: Sewer.

You collected 382 gold pieces.

Inventory:

Hand Weapons
 e - a +0 mace of protection
 j - a +0 dagger of speed
 A - a +2 short sword of venom (weapon)
 B - a +2 whip of electrocution
Missiles
 l - 3 throwing nets
 y - 37 poisoned darts
 z - a curare-tipped dart
Armour
 D - a +1 pair of gloves (worn)
 H - a +0 buckler (worn)
Jewellery
 p - a ring of protection from cold (left hand)
 G - a +4 ring of slaying
Wands
 o - a wand of polymorph (7)
Scrolls
 b - 6 scrolls of identify {unknown}
 d - a scroll of blinking {unknown}
 g - a scroll of brand weapon {unknown}
 m - a scroll of silence {unknown}
 n - a scroll of enchant armour {unknown}
 q - a scroll of torment {unknown}
 r - 3 scrolls of vulnerability {unknown}
 s - a scroll of acquirement {unknown}
 t - a scroll of magic mapping {unknown}
 v - a scroll of poison {unknown}
 w - a scroll of summoning {unknown}
 E - a scroll of teleportation {unknown}
 F - 2 scrolls of fear {unknown}
Potions
 a - 4 potions of magic
 c - 4 potions of flight {unknown}
 f - 2 potions of invisibility {unknown}
 h - 2 potions of curing
 i - a potion of brilliance {unknown}
 k - 3 potions of attraction {unknown}
 u - 3 potions of lignification {unknown}
 x - 2 potions of haste {unknown}
 C - a potion of might {unknown}


   Skills:
 - Level 1.7 Dodging
 - Level 1.7 Stealth
 - Level 6.0 Spellcasting
 - Level 11.2 Conjurations
 - Level 4.0 Hexes


You had 9 spell levels left.
You knew the following spells:

 Your Spells              Type           Power      Damage    Failure   Level
a - Magic Dart            Conj           100%       1d8       1%          1
b - Searing Ray           Conj           100%       2d8       1%          2
c - Fulminant Prism       Conj/Hex       21%        3d13      4%          4
d - Iskenderun's Mystic   Conj/Tloc      32%        2d8       12%         4

Your spell library contained the following spells:

 Spells                   Type           Power      Damage    Failure   Level
 Dazzling Flash           Conj/Hex       84%        N/A       1%          3
 Slow                     Hex            100%       N/A       2%          1
 Confusing Touch          Hex            25%        N/A       7%          3
 Mephitic Cloud           Conj/Pois/Air  24%        N/A       8%          3
 Apportation              Tloc           12%        N/A       12%         1
 Call Imp                 Summ           6%         N/A       17%         2
 Ozocubu's Armour         Ice            6%         N/A       34%         3
 Vampiric Draining        Necr           6%         2d6       34%         3
 Alistair's Intoxication  Tmut/Pois      4%         N/A       97%         5
 Ozocubu's Refrigeration  Ice            3%         4d5       100%        7


Dungeon Overview and Level Annotations

Branches:
Dungeon (7/15)             Temple (1/1) D:5           Sewer (visited)

Altars:
Ashenzari
Cheibriados
Dithmenos
Elyvilon
Hepliaklqana
Kikubaaqudgha
Makhleb
Nemelex Xobeh
Okawaru
Qazlal
Sif Muna
Uskayaw
Xom
Yredelemnul
Zin
The Shining One

Shops:
D:3 [


Innate Abilities, Weirdness & Mutations

Your dull iron-grey scales are very hard. (AC +12)
You are amphibious.
You cannot fit into any form of body armour.
You are cold-blooded and may be slowed by cold attacks.


Message History

The hornet stings you.
You are poisoned.
You feel yourself slow down. The hornet stings you!
You feel as though you will be slow longer.
Your fulminant prism explodes!
The blast of energy engulfs the hornet!
The hornet is heavily wounded.
You hear a shout! x5; You hear an angry hiss.
You hear a shout!
Unknown command.
Unknown command.
The searing ray hits the hornet.
The hornet is severely wounded.
You feel very sick. The hornet stings you!
You feel as though you will be slow longer.
The hornet stings you.
You suddenly lose the ability to move!
You feel sick.
A scorpion comes into view.
The hornet stings you but does no damage. x2
You feel sick.
The hornet stings you but does no damage.
You can move again.
You feel sick.
The hornet stings you but does no damage.
The hornet stings you!
You shrug off the repeated paralysis!
Unknown command.
Unknown command.
You feel yourself speed up.
You feel sick. You block the hornet's attack.
The hornet stings you but does no damage.
You open the door.
You feel sick.
You are no longer poisoned.
The hornet stings you.
* * * LOW HITPOINT WARNING * * *
You are poisoned.
You feel yourself slow down.
You feel yourself speed up.
You feel very sick. The hornet stings you!
You die...

#.###..#.#........## #.#
#..#.#..#####.# #.#
#..#.#..# # #.#
#..#....## #.###.....)..#
#.#...#).....####
#.###.#.......... . #.#
#.##..........
....####.###@##...#.#####
...........y......#.#
..........s.......#.#
.................>#..
....................
..............#.###.
..............#.# .#
..............#.# #
..............#.


You could see a hornet and a scorpion.

Vanquished Creatures
  Pikel (D:5)
  Sigmund (D:5)
  Edmund (D:5)
  2 water moccasins
  A sky beast (D:5)
  An ogre (D:6)
  A centaur (D:6)
  A lemure (D:5)
  A phantom (D:5)
  6 kobold brigands (Sewer)
  A necrophage (D:4)
  A bullfrog (D:6)
  3 scorpions
  2 howler monkeys (D:4)
  A jelly (D:4)
  2 hounds
  2 orc priests
  Terence (D:3)
  Jessica (D:2)
  Ijyb (D:3)
  3 iguanas
  18 gnolls
  15 adders
  A shadow imp (D:6)
  A white imp (D:6)
  An ufetubus (D:6)
  5 worms
  A dart slug (D:2)
  10 orcs
  10 endoplasms
  5 giant cockroaches
  4 goblins
  9 hobgoblins
  3 quokkas
  9 ball pythons
  7 bats
  3 frilled lizards
  10 kobolds
  9 rats
155 creatures vanquished.

Vanquished Creatures (others)
  2 fulminant prisms (D:7)
  13 plants (D:4)
15 creatures vanquished.

Grand Total: 170 creatures vanquished

Notes
Turn   | Place    | Note
-------+----------+-------------------------------------------
     0 | D:1      | gruber the Draconian Conjurer began the quest for the Orb.
     0 | D:1      | Reached XP level 1. HP: 14/14 MP: 3/3
   426 | D:1      | Reached XP level 2. HP: 8/20 MP: 0/5
  1253 | D:2      | Reached XP level 3. HP: 26/26 MP: 0/6
  1598 | D:2      | Learned a level 2 spell: Searing Ray
  1642 | D:2      | Reached skill level 5 in Conjurations
  1751 | D:2      | Noticed Jessica
  1753 | D:2      | Killed Jessica
  1754 | D:2      | Reached XP level 4. HP: 33/33 MP: 4/7
  2814 | D:3      | Noticed Ijyb
  2969 | D:3      | Killed Ijyb
  2970 | D:3      | Reached XP level 5. HP: 19/38 MP: 0/9
  3330 | D:3      | Reached skill level 6 in Conjurations
  3571 | D:3      | Found a hazy altar of Hepliaklqana.
  3724 | D:3      | Found Zeta's Armour Shop.
  3794 | D:3      | Found a white marble altar of Elyvilon.
  4041 | D:3      | Noticed Terence
  4059 | D:3      | Killed Terence
  4363 | D:4      | Noticed an air elemental
  4377 | D:4      | Reached XP level 6. HP: 44/45 MP: 11/11
  4391 | D:4      | Found a broken altar of Ashenzari.
  4718 | D:4      | Reached skill level 7 in Conjurations
  4954 | D:4      | Found a shimmering blue altar of Sif Muna.
  5136 | D:4      | Found a stormy altar of Qazlal.
  5145 | D:4      | Your scales start taking on a dull iron-grey colour.
  5145 | D:4      | Reached XP level 7. HP: 39/49 MP: 4/13
  5235 | D:4      | You fall into a shaft and drop 3 floors!
  5469 | D:5      | Entered Level 5 of the Dungeon
  5596 | D:5      | Found a glowing drain.
  5607 | Sewer    | Entered a sewer
  5910 | Sewer    | Reached skill level 5 in Spellcasting
  6450 | Sewer    | Reached skill level 8 in Conjurations
  6501 | Sewer    | Reached XP level 8. HP: 48/57 MP: 2/16
  6781 | D:5      | Noticed Pikel
  6996 | D:5      | Reached skill level 9 in Conjurations
  7016 | D:5      | Noticed Edmund
  7173 | D:5      | Noticed Sigmund
  7191 | D:5      | Killed Sigmund
  7253 | D:5      | Killed Pikel
  7254 | D:5      | Reached skill level 10 in Conjurations
  7309 | D:5      | Reached XP level 9. HP: 62/62 MP: 6/18
  7405 | D:5      | Killed Edmund
  7406 | D:5      | Reached skill level 11 in Conjurations
  7691 | D:5      | Found a staircase to the Ecumenical Temple.
  7707 | Temple   | Entered the Ecumenical Temple
  7852 | D:6      | Learned a level 4 spell: Fulminant Prism
  7857 | D:6      | Learned a level 4 spell: Iskenderun's Mystic Blast
  8038 | D:6      | Found an iron altar of Okawaru.
  8218 | D:6      | Reached skill level 1 in Hexes
  9056 | D:7      | Paralysed by a hornet for 3 turns
  9062 | D:7      | Slain by a hornet

Illustrated notes

Levels and vault maps discovered:
D:1:      dpeg_arrival_tiny_f, layout_basic
D:2:      layout_basic, uniq_jessica
D:3:      layout_basic, nicolae_hepliaklqana_hazy_memory, elyvilon_altar_3,
          serial_shops, nicolae_square_shop, uniq_ijyb, uniq_terence
D:4:      layout_rooms, old_standard_altar, mainiacjoe_overflow_cross_hatched,
          nicolae_qazlal_style_of_elements, minmay_misc_feat_encased
D:5:      layout_rooms, temple_hall, portal_sewer_entry_d,
          minmay_misc_feat_room, uniq_sigmund, uniq_edmund, uniq_pikel,
          uniq_crazy_yiuf_cottage
D:6:      layout_loops_ring, okawaru_trees_1, kennysheep_cross_bottleneck
D:7:      layout_basic, lemuel_round_altar, grunt_gozag_statues, serial_shops,
          shop, serial_bayou_pond_d, wad_floor_pattern_2
Temple:   hellmonk_temple_micro_hex

Skill      XL: |  1  2  3  4  5  6  7  8  9 |
---------------+----------------------------+-----
Conjurations   | 5 6 7 8 10 11 | 11.2
Spellcasting   | 3 4 5 6 |  6.0
Hexes          | 4 |  4.0
Dodging        | |  1.7
Stealth        | |  1.7

Action                   |  1- 3 |  4- 6 |  7- 9 || total
-------------------------+-------+-------+-------++-------
Melee: Unarmed           |    10 |     7 |       ||    17
       Mace              |     8 |    51 |    17 ||    76
       Tailslap          |     1 |    13 |     9 ||    23
       Dagger            |       |    56 |       ||    56
       Short sword       |       |       |    49 ||    49
       Punch             |       |       |     1 ||     1
Throw: Dart              |       |       |     5 ||     5
 Cast: Magic Dart        |    64 |    21 |   116 ||   201
       Searing Ray       |       |    32 |    34 ||    66
       Fulminant Prism   |       |       |     2 ||     2
 Stab: Sleeping          |       |     1 |     1 ||     2
Armor: Skin              |    10 |    47 |    72 ||   129
Dodge: Dodged            |    10 |    76 |    65 ||   151
Block: Buckler           |       |       |     1 ||     1

Table legend: (Time is in decaauts)
 A = Elapsed time spent in this place.
 B = Non-inter-level travel time spent in this place.
 C = Inter-level travel time spent in this place.
 D = Time resting spent in this place.
 E = Time spent auto-exploring this place.
 F = Levels seen in this place.
 G = Mean time per level.
                   A        B        C        D        E       F      G
               +--------+--------+--------+--------+--------+-----+--------+
         Total |   9063 |   8853 |    210 |    284 |   7271 |   9 | 1007.0 |
       Dungeon |   7934 |   7724 |    210 |    276 |   6314 |   7 | 1133.4 |
        Temple |      1 |      1 |      0 |      0 |      0 |   1 |    1.0 |
         Sewer |   1127 |   1127 |      0 |      8 |    957 |   1 | 1127.0 |
               +--------+--------+--------+--------+--------+-----+--------+

Top non-repeatable levels by time:
     D:2: 1489 daAuts
     D:3: 1474 daAuts
     D:6: 1424 daAuts
     D:1: 1245 daAuts
     D:4: 1228 daAuts
   Sewer: 1127 daAuts
     D:5: 927 daAuts
     D:7: 145 daAuts
  Temple: 1 daAuts
